 Dungeon Crawl Stone Soup version 0.32-a0-814-g0968bab981 (webtiles) character file.

Game seed: 8618526441925036599

144 Orlauf the Trooper (level 5, -4/37 HPs)
             Began as a Demonspawn Gladiator on Mar 22, 2024.
             Slain by a cerulean imp
             ... wielding a +0 spear
             ... summoned by Natasha
              (5 damage)
             ... on level 3 of the Dungeon.
             The game lasted 00:03:42 (1723 turns).

Orlauf the Trooper (Demonspawn Gladiator)           Turns: 1723, Time: 00:03:44

Health: -4/37      AC: 10    Str: 15 (16) XL:     5   Next: 5%
Magic:  5/5        EV:  6    Int:  7 (9)  God:
Gold:   92         SH:  0    Dex: 12 (14) Spells: 4/4 levels left

rFire   + . .        a - +0 war axe
rCold   . . .        (no shield)
rNeg    . . .        h - +0 chain mail
rPois   .            c - +0 helmet
rElec   .            j - +0 cloak
rCorr   .            (no gloves)
SInv    .            (no boots)
Will    .....        (no amulet) Stlth
                     k - ring of flight
HPRegen 0.26/turn    (no ring)
MPRegen 0.09/turn

%: no passive effects
@: flying, slowed, very slow
A: powered by death 1, fire resistance 1, frail 1
a: no special abilities


You were on level 3 of the Dungeon.
You visited 1 branch of the dungeon, and saw 3 of its levels.

You collected 92 gold pieces.

Inventory:

Hand Weapons
 a - a +0 war axe (weapon)
 b - a +0 mace
Missiles
 d - 2 throwing nets
 e - a javelin (quivered)
Armour
 c - a +0 helmet (worn)
 h - a +0 chain mail (worn)
 j - a +0 cloak (worn)
Jewellery
 k - a ring of flight (left hand)
Scrolls
 m - 3 scrolls of teleportation
Potions
 f - a potion of degeneration
 g - a potion of might {unknown}
 i - a potion of haste
 l - 2 potions of heal wounds {unknown}


   Skills:
 * Level 4.2 Fighting
 + Level 4.0 Axes
 - Level 1.7 Throwing
 - Level 2.6 Dodging


You had 4 spell levels left.
You didn't know any spells.
Your spell library contained the following spells:

 Spells                   Type           Power      Damage    Failure   Level
 Sublimation of Blood     Necr           0%         N/A       100%        2
 Petrify                  Alch/Erth      0%         N/A       100%        4
 Irradiate                Conj/Alch      0%         3d11      100%        5


Dungeon Overview and Level Annotations

Branches:
Dungeon (3/15)

Altars:
Cheibriados
Wu Jian
Yredelemnul

Shops:
D:1 (

Annotations:
D:3 Grinder, Natasha


Innate Abilities, Weirdness & Mutations

You regenerate a little health from kills.
Your flesh is heat resistant. (rF+)
You are frail. (-10% HP)


Message History

You resist with some effort.
The cerulean imp hits you from afar with a +1 spear.
The cerulean imp hits you but does no damage.
Natasha barely misses you. The cerulean imp barely misses you.
The cerulean imp hits you from afar with a +1 spear.
You barely miss Natasha.
Natasha is lightly wounded.
You miss the cerulean imp.
The cerulean imp hits you but does no damage.
Natasha claws you but does no damage.
The cerulean imp hits you but does no damage.
The cerulean imp hits you from afar with a +0 spear.
The cerulean imp hits you with a +0 spear.
Natasha claws you but does no damage.
The cerulean imp hits you but does no damage.
The cerulean imp closely misses you.
You hit Natasha but do no damage. You hit the cerulean imp.
The cerulean imp disappears in a puff of smoke!
The cerulean imp hits you but does no damage.
Natasha claws you.
The cerulean imp hits you from afar with a +0 spear.
The cerulean imp barely misses you. Natasha barely misses you.
The cerulean imp hits you but does no damage.
You closely miss Natasha. You barely miss the cerulean imp.
The cerulean imp hits you with a +0 spear.
Natasha claws you.
* * * LOW HITPOINT WARNING * * *
The cerulean imp barely misses you.
The cerulean imp hits you with a +0 spear.
* * * LOW HITPOINT WARNING * * *
Natasha closely misses you.
The cerulean imp hits you from afar with a +0 spear.
* * * LOW HITPOINT WARNING * * *
You barely miss Natasha. You hit the cerulean imp.
The cerulean imp hits you but does no damage.
Natasha wildly gestures.
Natasha's front paws start to glow.
Natasha barely misses you.
The cerulean imp hits you from afar with a +0 spear.
You die...

##..........#
#.######.### ... #.# #.#
#.# #.# #.# #.# #.# #.#
#.# #.# #.# #.# #.# #.#
#.# #.# ## #.# #[# #.#
#.#####. #.# #.# #.#
#.##.... #.# ##@#
#.###....#.. #.#
#h5#####..5........ #.#
##.5...5h5#####.###.
#.####...###.....#...###.
#.##.%.###♣...........##.
#....###♣♣..♣######.#.##.
##...#♣♣...♣#♣♣♣♣♣#...##.
#..##♣...♣#♣....♣##.....
#..#♣....♣♣⌠.....♣#.###.


You could see Natasha and 2 cerulean imps.

Vanquished Creatures
  An orc priest (D:2)
  Natasha (D:3)
  An orc wizard (D:2)
  A ribbon worm (D:3)
  2 orcs (D:2)
  4 bats
  4 endoplasms
  A giant cockroach (D:1)
  8 goblins
  10 hobgoblins
  4 quokkas (D:2)
  3 ball pythons
  6 frilled lizards
  6 kobolds
  7 rats (D:1)
59 creatures vanquished.

Notes
Turn   | Place    | Note
-------+----------+-------------------------------------------
     0 | D:1      | Orlauf the Demonspawn Gladiator began the quest for the
                  | Orb.
     0 | D:1      | Reached XP level 1. HP: 16/16 MP: 1/1
    77 | D:1      | Gained mutation: You regenerate a little health from kills.
                  | [demonic ancestry]
    77 | D:1      | Reached XP level 2. HP: 21/22 MP: 2/2
   418 | D:1      | Reached XP level 3. HP: 27/27 MP: 3/3
   670 | D:2      | Reached XP level 4. HP: 14/35 MP: 4/4
  1301 | D:3      | Found a snail-covered altar of Cheibriados.
  1331 | D:3      | Found an ornate altar of the Wu Jian Council.
  1331 | D:3      | Noticed Grinder
  1333 | D:3      | Paralysed by Grinder for 5 turns
  1350 | D:3      | HP: 1/37 [Grinder (5)]
  1355 | D:3      | Gained mutation: You are frail. (-10% HP) [potion of
                  | mutation]
  1355 | D:3      | Gained mutation: Your flesh is heat resistant. (rF+)
                  | [potion of mutation]
  1525 | D:3      | Found a basalt altar of Yredelemnul.
  1617 | D:3      | Noticed Natasha
  1623 | D:3      | Killed Natasha
  1624 | D:3      | Reached XP level 5. HP: 30/37 MP: 5/5
  1709 | D:3      | Noticed Natasha
  1722 | D:3      | HP: 1/37 [cerulean imp/+0 spear[Natasha] (4)]
  1723 | D:3      | Slain by a cerulean imp

Illustrated notes

Levels and vault maps discovered:
D:1:      dpeg_arrival_tiny_j, layout_rooms, serial_shops,
          nicolae_shop_bloodbath_and_beyond
D:2:      layout_basic
D:3:      layout_loops_ring, slow_altar_1, mainiacjoe_overflow_brackets,
          mainiacjoe_overflow_six_doors_small, kennysheep_ying_yang,
          shapermc_ecumenical_altar_mp_highgroup, uniq_natasha, uniq_grinder

Skill      XL: |  1  2  3  4 |
---------------+-------------+-----
Axes           | 3 4 |  4.0
Fighting       | 3 4 |  4.2
Throwing       | |  1.7
Dodging        | |  2.6

Action                     |  1- 3 |  4- 6 || total
---------------------------+-------+-------++-------
  Melee: War axe           |    78 |    89 ||   167
  Throw: Javelin           |       |     3 ||     3
         Throwing net      |       |     1 ||     1
    Use: Scroll            |     3 |     2 ||     5
         Potion            |       |     3 ||     3
 Armour: Leather armour    |    13 |       ||    13
         Chain mail        |    57 |   111 ||   168
  Dodge: Dodged            |    32 |    33 ||    65

Table legend: (Time is in decaauts)
 A = Elapsed time spent in this place.
 B = Non-inter-level travel time spent in this place.
 C = Inter-level travel time spent in this place.
 D = Time resting spent in this place.
 E = Time spent auto-exploring this place.
 F = Levels seen in this place.
 G = Mean time per level.
                   A        B        C        D        E       F      G
               +--------+--------+--------+--------+--------+-----+--------+
         Total |   1769 |   1688 |     81 |     65 |   1137 |   3 |  589.7 |
       Dungeon |   1769 |   1688 |     81 |     65 |   1137 |   3 |  589.7 |
               +--------+--------+--------+--------+--------+-----+--------+

Top non-repeatable levels by time:
     D:2: 785 daAuts
     D:1: 555 daAuts
     D:3: 428 daAuts
